 Dungeon Crawl Stone Soup version 0.18.1-50-g88ac8fd (webtiles) character file.

360 Chiseanne the Covert (level 6, -4/32 HPs)
             Began as a Spriggan Assassin on Mar 28, 2017.
             Killed from afar by an orc wizard (10 damage)
             ... with a puff of frost
             ... on level 4 of the Dungeon.
             The game lasted 00:09:14 (3216 turns).

Chiseanne the Covert (Spriggan Assassin)            Turns: 3216, Time: 00:09:14

Health: -4/32      AC:  4    Str:  7    XL:     6   Next: 38%
Magic:  2/2        EV: 21    Int: 13    God:
Gold:   142        SH:  0    Dex: 19    Spells: 0 memorised, 5 levels left

rFire  . . .     SeeInvis +     a - +2 dagger (antimagic)
rCold  . . .     Gourm    .     c - +0 robe
rNeg   + . .     Faith    .     (shield restricted)
rPois  .         Spirit   .     (helmet restricted)
rElec  .         Dismiss  .     d - +1 cloak
rCorr  .         Reflect  .     (gloves unavailable)
SustAt +         Harm     .     (boots unavailable)
MR     +....                    (no amulet)
Stlth  +++++.....               o - ring of sustain attributes
                                j - ring of positive energy

@: very quick, somewhat resistant to hostile enchantments, quite stealthy
A: unfitting armour, see invisible, herbivore 3, speed 3, slow metabolism 2
a: no special abilities


You were on level 4 of the Dungeon.
You were not hungry.

You visited 1 branch of the dungeon, and saw 4 of its levels.

You collected 142 gold pieces.

Inventory:

Hand Weapons
 a - a +2 antimagic dagger (weapon)
 e - a +2 hunting sling of freezing
 s - a +2 quarterstaff of chaos
 w - a +0 blowgun
Missiles
 f - 5 curare-tipped needles
 k - 133 stones (quivered)
 l - 10 sling bullets
 p - 6 poisoned needles
 u - 21 arrows
 v - 17 bolts
Armour
 c - a +0 robe (worn)
 d - a +1 cloak (worn)
Jewellery
 j - a ring of positive energy (left hand)
 o - a ring of sustain attributes (right hand)
Scrolls
 m - 3 scrolls of remove curse
Potions
 i - 2 potions of brilliance
 n - 2 potions of haste
 q - a potion of degeneration {unknown}
 r - 2 potions of curing
 t - a potion of heal wounds {unknown}
Comestibles
 b - a royal jelly
 g - 4 bread rations
 h - 2 fruits


   Skills:
 + Level 2.7 Fighting
 - Level 2.1 Short Blades
 + Level 3.1 Throwing
 * Level 5.5 Dodging
 * Level 8.5 Stealth


You had 5 spell levels left.
You didn't know any spells.

Dungeon Overview and Level Annotations

Branches:
Dungeon (4/15)
 Temple: D:4-7

Altars:
Pakellas
Sif Muna
Vehumet
The Shining One

Annotations:
D:3 Blork the orc


Innate Abilities, Weirdness & Mutations

You are tiny and cannot use many weapons and most armour.
You have supernaturally acute eyesight.
You are a herbivore.
You cover ground extremely quickly.
You need consume almost no food.


Message History

You barely miss the orc wizard.
The orc wizard is heavily wounded.
The orc wizard closely misses you.
You hit the orc wizard.
The orc wizard's magic leaks into the air.
The orc wizard is severely wounded.
The orc wizard closely misses you. The orc wizard hits you with a dagger.
* * * LOW HITPOINT WARNING * * *
You closely miss the orc wizard.
The orc wizard is severely wounded.
The orc wizard misses you.
You closely miss the orc wizard.
The orc wizard is severely wounded.
The orc wizard hits you with a dagger.
* * * LOW HITPOINT WARNING * * *
You hit the orc wizard but do no damage.
The orc wizard is severely wounded.
The orc wizard casts a spell at you. The puff of frost hits you!
You die...

###...########.#
.......# #)#
###...## #.#
##.## #.# #.#
#.### #.# #.[.#
##'## ###.#
##...## #.#
##.....## #@#
#†......## #o#
.........# .Z#
..<......+ ....
.........# ....#
#.......##
.#...# ##.....##
#.#.### ##...##
# #. ##+##


You could see an orc wizard (invisible) and a giant gecko skeleton.

Vanquished Creatures
  Sigmund (D:2)
  Crazy Yiuf (D:2)
  Terence (D:2)
  2 orc wizards
  2 adders
  3 worms
  2 giant geckos (D:1)
  5 orcs
  5 bats
  8 giant cockroaches
  8 goblins
  11 hobgoblins
  2 jackals (D:1)
  A giant newt (D:2)
  6 kobolds
  5 rats
63 creatures vanquished.

Notes
Turn   | Place    | Note
--------------------------------------------------------------
     0 | D:1      | Chiseanne the Spriggan Assassin began the quest for the Orb.
     0 | D:1      | Reached XP level 1. HP: 10/10 MP: 2/2
   159 | D:1      | Reached skill level 6 in Stealth
   163 | D:1      | Reached XP level 2. HP: 7/15 MP: 3/3
  1234 | D:2      | Reached XP level 3. HP: 18/18 MP: 4/4
  1272 | D:2      | Noticed Sigmund
  1370 | D:2      | Killed Sigmund
  1370 | D:2      | Reached skill level 7 in Stealth
  1370 | D:2      | Reached XP level 4. HP: 23/23 MP: 5/5
  1370 | D:2      | Reached XP level 5. HP: 27/27 MP: 6/6
  1820 | D:2      | Noticed Crazy Yiuf
  1824 | D:2      | Killed Crazy Yiuf
  2126 | D:2      | Noticed Terence
  2209 | D:2      | Killed Terence
  2209 | D:2      | Reached skill level 5 in Dodging
  2209 | D:2      | Reached skill level 8 in Stealth
  2209 | D:2      | Reached XP level 6. HP: 21/32 MP: 7/7
  2421 | D:3      | Noticed Blork the orc
  2429 | D:3      | Found a deep blue altar of Sif Muna.
  2691 | D:3      | Found a glowing golden altar of the Shining One.
  2696 | D:3      | Found a radiant altar of Vehumet.
  3012 | D:3      | Found an oddly glowing altar of Pakellas.
  3216 | D:4      | Killed from afar by an orc wizard

Skill      XL: |  1  2  3  4  5  6 |
---------------+-------------------+-----
Dodging        | 2 4 5 |  5.5
Stealth        | 6 7 8 |  8.5
Fighting       | 2 |  2.7
Throwing       | 3 |  3.1
Short Blades   | |  2.1

Action                   |  1- 3 |  4- 6 || total
-------------------------+-------+-------++-------
Melee: Dagger            |    78 |   134 ||   212
 Fire: Blowgun           |    12 |    38 ||    50
  Use: Scroll            |     3 |    11 ||    14
 Stab: Sleeping          |    10 |     9 ||    19
       Distracted        |       |     1 ||     1
Armor: Robe              |    11 |    13 ||    24
Dodge: Dodged            |    43 |    86 ||   129
